 Dungeon Crawl Stone Soup version 0.27-a0-1105-g946c659c87 (webtiles) character file.

Game seed: 17019925829676859068

80 funkygono the Firebug (level 4, 0/30 HPs)
             Began as a Demonspawn Fire Elementalist on May 1, 2021.
             Killed from afar by Sigmund (10 damage)
             ... with a puff of flame
             ... on level 2 of the Dungeon.
             The game lasted 00:02:56 (1805 turns).

funkygono the Firebug (DsFE)                        Turns: 1805, Time: 00:02:56

Health: 0/30       AC:  3    Str:  9    XL:     4   Next: 18%
Magic:  1/8        EV: 12    Int: 17    God:
Gold:   57         SH:  0    Dex: 13    Spells: 7/8 levels left

rFire    . . .     SeeInvis .   c - +0 dagger (vorpal)
rCold    . . .     Faith    .   (no shield)
rNeg     . . .     Spirit   .   a - +0 robe
rPois    .         Reflect  .   (no helmet)
rElec    .         Harm     .   d - +0 cloak
rCorr    .         Rampage  .   (no gloves)
Will     .....                  (no boots)
Stlth    ++........             (no amulet)
HPRegen  0.10/turn              (no ring)
MPRegen  0.11/turn              (no ring)

@: no status effects
A: ignite blood 1
a: no special abilities


You were on level 2 of the Dungeon.
You visited 1 branch of the dungeon, and saw 2 of its levels.

You collected 57 gold pieces.

Inventory:

Hand Weapons
 c - a +0 vorpal dagger (weapon)
Missiles
 b - 56 stones
Armour
 a - a +0 robe (worn)
 d - a +0 cloak (worn)
Scrolls
 e - a scroll of enchant armour {unknown}
Potions
 f - a potion of degeneration {unknown}


   Skills:
 + Level 1.8 Dodging
 - Level 1.7 Stealth
 * Level 2.9 Spellcasting
 * Level 1.7 Conjurations
 * Level 3.7 Fire Magic


You had 7 spell levels left.
You knew the following spells:

 Your Spells              Type           Power      Damage    Failure   Level
a - Foxfire               Conj/Fire      44%        2x1d6     5%          1

Your spell library contained the following spells:

 Spells                   Type           Power      Damage    Failure   Level
 Conjure Flame            Conj/Fire      11%        6-21      17%         3
 Beastly Appendage        Tmut           4%         N/A       19%         1
 Inner Flame              Hex/Fire       8%         N/A       24%         3
 Wereblood                Tmut           2%         N/A       26%         2
 Spider Form              Tmut/Pois      1%         N/A       47%         3
 Sticky Flame             Conj/Fire      11%        2d3       50%         4
 Fireball                 Conj/Fire      5%         3d5       83%         5
 Ice Form                 Ice/Tmut       2%         N/A       87%         4
 Hydra Form               Tmut           1%         N/A       99%         5


Dungeon Overview and Level Annotations

Branches:
Dungeon (2/15)

Altars:

Annotations:
D:2 Sigmund


Innate Abilities, Weirdness & Mutations

Your demonic aura sometimes causes spilled blood to erupt in flames


Message History

The foxfire hits Sigmund.
Sigmund is severely wounded.
The foxfire hits Sigmund.
Sigmund is severely wounded.
Sigmund gestures at you while chanting.
You are confused.
Sigmund misses you.
You feel better. Sigmund barely misses you. Sigmund hits you with a +0 scythe.
You hit Sigmund.
Sigmund is severely wounded.
Sigmund hits you with a +0 scythe!
You hit Sigmund.
Sigmund is almost dead.
Sigmund misses you.
You hit Sigmund but do no damage.
Sigmund is almost dead.
Sigmund hits you with a +0 scythe!
* * * LOW HITPOINT WARNING * * *
Unknown command.
You feel better. Sigmund hits you with a +0 scythe!
* * * LOW HITPOINT WARNING * * *
You hit Sigmund but do no damage.
Sigmund is almost dead.
Sigmund closely misses you.
You hit Sigmund but do no damage.
Sigmund is almost dead.
Sigmund misses you.
You hit Sigmund.
Sigmund is almost dead.
Sigmund casts a spell at you. The puff of flame misses you.
You hit Sigmund but do no damage.
Sigmund is almost dead.
Sigmund hits you with a +0 scythe!
* * * LOW HITPOINT WARNING * * *
You feel better. Sigmund gestures at you while chanting.
The puff of flame hits you!
You die...

#......## #.......# ####....# #
#....# # #....# ###########
#######....###....#....####
..........................#
#######....###....#.......#####
................@..).......)†..
##########.#####@####....#.####
#.# #.# #....# #.# #.# #....#
#.# #.# #....# #.. ... #....#
### ... ...... ... ########


You could see Sigmund.

Vanquished Creatures
  An adder (D:2)
  3 gnolls (D:2)
  2 dart slugs
  2 endoplasms
  3 giant cockroaches
  3 goblins
  A hobgoblin (D:1)
  6 jackals (D:2)
  3 kobolds
  2 quokkas
  2 ball pythons (D:1)
  3 bats
  A frilled lizard (D:2)
  5 rats (D:1)
37 creatures vanquished.

Vanquished Creatures (others)
  119 foxfires
119 creatures vanquished.

Grand Total: 156 creatures vanquished

Notes
Turn   | Place    | Note
-------+----------+-------------------------------------------
     0 | D:1      | funkygono the Demonspawn Fire Elementalist began the quest
                  | for the Orb.
     0 | D:1      | Reached XP level 1. HP: 13/13 MP: 3/3
   483 | D:1      | Reached skill level 3 in Fire Magic
   483 | D:1      | Gained mutation: Your demonic aura sometimes causes spilled
                  | blood to erupt in flames [demonic ancestry]
   483 | D:1      | Reached XP level 2. HP: 19/19 MP: 1/5
   945 | D:1      | Found a faded altar of an unknown god.
  1263 | D:2      | Reached XP level 3. HP: 24/24 MP: 2/6
  1620 | D:2      | Noticed Sigmund
  1650 | D:2      | Reached XP level 4. HP: 29/30 MP: 1/8
  1804 | D:2      | HP: 1/30 [Sigmund/+0 scythe (7)]
  1805 | D:2      | Killed from afar by Sigmund

Illustrated notes

Levels and vault maps discovered:
D:1:      dpeg_arrival_lava_temple_mockup, layout_basic,
          hellmonk_ecumenical_altar_lost_god
D:2:      layout_basic, roderic_roman_lattice, corexii_shack, uniq_sigmund

Skill      XL: |  1 |
---------------+----+-----
Fire Magic     | 3 |  3.7
Dodging        | |  1.8
Stealth        | |  1.7
Spellcasting   | |  2.9
Conjurations   | |  1.7

Action                   |  1- 3 |  4- 6 || total
-------------------------+-------+-------++-------
Melee: Dagger            |     1 |     7 ||     8
 Cast: Foxfire           |    58 |    11 ||    69
  Use: Scroll            |     2 |       ||     2
       Potion            |       |     3 ||     3
 Stab: Sleeping          |     1 |       ||     1
Armor: Robe              |     3 |       ||     3
Dodge: Dodged            |     9 |     7 ||    16

Table legend: (Time is in decaauts)
 A = Elapsed time spent in this place.
 B = Non-inter-level travel time spent in this place.
 C = Inter-level travel time spent in this place.
 D = Time resting spent in this place.
 E = Time spent auto-exploring this place.
 F = Levels seen in this place.
 G = Mean time per level.
                   A        B        C        D        E       F      G
               +--------+--------+--------+--------+--------+-----+--------+
         Total |   1804 |   1754 |     50 |     58 |   1424 |   2 |  902.0 |
       Dungeon |   1804 |   1754 |     50 |     58 |   1424 |   2 |  902.0 |
               +--------+--------+--------+--------+--------+-----+--------+

Top non-repeatable levels by time:
     D:1: 1083 daAuts
     D:2: 720 daAuts
